 Dungeon Crawl Stone Soup version 0.28.0-53-g5a82cb258f (webtiles) character file.

Game seed: 18250850433901100981

54 Sin92 the Skirmisher (level 3, -3/29 HPs)
             Began as a Demonspawn Fighter on July 5, 2022.
             Killed by divine providence
             ... invoked by an orc priest
              (17 damage)
             ... on level 2 of the Dungeon.
             The game lasted 00:00:51 (948 turns).

Sin92 the Skirmisher (Demonspawn Fighter)            Turns: 948, Time: 00:00:52

Health: -3/29      AC:  8    Str: 16    XL:     3   Next: 66%
Magic:  3/3        EV:  9    Int:  9    God:
Gold:   96         SH:  5    Dex: 14    Spells: 2/2 levels left

rFire   . . .      SeeInvis .   a - +0 long sword
rCold   . . .      Faith    .   c - +0 buckler
rNeg    . . .      Spirit   .   b - +0 scale mail
rPois   .          Reflect  .   (no helmet)
rElec   .          Harm     .   (no cloak)
rCorr   .          Rampage  .   (no gloves)
Will    .....                   (no boots)
Stlth   ..........              (no amulet)
HPRegen 0.09/turn               (no ring)
MPRegen 0.08/turn               (no ring)

@: no status effects
A: molten scales 1
a: no special abilities


You were on level 2 of the Dungeon.
You visited 1 branch of the dungeon, and saw 2 of its levels.

You collected 96 gold pieces.

Inventory:

Hand Weapons
 a - a +0 long sword (weapon)
Armour
 b - a +0 scale mail (worn)
 c - a +0 buckler (worn)
 d - a +0 chain mail
Scrolls
 f - a scroll of vulnerability {unknown}
 g - 2 scrolls of immolation {unknown}
Potions
 e - a potion of mutation {unknown}


   Skills:
 + Level 3.3 Fighting
 + Level 2.2 Long Blades
 + Level 3.1 Armour
 + Level 1.1 Dodging
 + Level 3.1 Shields


You had 2 spell levels left.
You didn't know any spells.
Your spell library was empty.

Dungeon Overview and Level Annotations

Branches:
Dungeon (2/15)

Altars:


Innate Abilities, Weirdness & Mutations

You are partially covered in molten scales. (AC +2)


Message History

You barely miss Jessica.
Jessica is moderately wounded.
Jessica hits you but does no damage. Jessica barely misses you.
You closely miss Jessica.
Jessica is moderately wounded.
Jessica hits you with a +0 club.
Jessica mumbles some strange words.
Jessica blinks!
Jessica closely misses you.
You slash Jessica!
You kill Jessica!
Your Armour skill increases to level 3!
Your Dodging skill increases to level 1!
You have reached level 3!
Your experience leads to an increase in your attributes!
Increase (S)trength, (I)ntelligence, or (D)exterity?
You feel agile. x2
Things that are here:
a +0 club; a +0 robe A frilled lizard comes into view.
The frilled lizard hisses angrily.
Found a chain mail.
The frilled lizard unfolds its giant frill.
You slash the frilled lizard!
You kill the frilled lizard!
You see here a +0 chain mail.
d - a +0 chain mail
Found 13 gold pieces.
Found a stone staircase leading up.
You now have 96 gold pieces (gained 13).
You feel a little less mighty now.
You open the door. 3 jackals, an orc, an orc priest and an orc wizard come into view.
The jackal barks! x3; The orc priest shouts!
The orc wizard shouts!
You hear a shout!
An orc comes into view. It is wielding a +0 flail.
The orc priest calls down the wrath of Beogh upon you.
Beogh smites you!
Ouch! That really hurt!
You die...

#.# ###.##
#<###....##
.....#....####.
#.###..........
###.######. #.#
#.# #@# #ho.#
#.h..o#
#h......#
#.......o.#
+.........+
#.......o.#
##.......##


You could see an orc priest, an orc wizard, 2 orcs and 3 jackals.

Vanquished Creatures
  Jessica (D:2)
  2 dart slugs (D:1)
  3 bats (D:1)
  An endoplasm (D:1)
  5 hobgoblins (D:1)
  2 quokkas (D:1)
  3 ball pythons (D:1)
  3 frilled lizards
  2 goblins (D:1)
  3 rats (D:1)
25 creatures vanquished.

Notes
Turn   | Place    | Note
-------+----------+-------------------------------------------
     0 | D:1      | Sin92 the Demonspawn Fighter began the quest for the Orb.
     0 | D:1      | Reached XP level 1. HP: 18/18 MP: 1/1
   183 | D:1      | Gained mutation: You are partially covered in molten
                  | scales. (AC +2) [demonic ancestry]
   183 | D:1      | Reached XP level 2. HP: 15/24 MP: 2/2
   892 | D:2      | Noticed Jessica
   909 | D:2      | Killed Jessica
   910 | D:2      | Reached skill level 1 in Dodging
   910 | D:2      | Reached XP level 3. HP: 10/29 MP: 3/3
   948 | D:2      | Killed from afar by an orc priest

Illustrated notes

Levels and vault maps discovered:
D:1:      ncdulo_halloftheorcs, layout_rooms, nrook_loot_triangle, st_stairs_14,
          minmay_misc_feat_pillars, minmay_split_cup_small
D:2:      layout_loops_corners, uniq_crazy_yiuf_cottage, uniq_jessica,
          uniq_robin

Skill      XL: |  1  2 |
---------------+-------+-----
Long Blades    | 2 |  2.2
Shields        | 3 |  3.1
Armour         | 3 |  3.1
Dodging        | 1 |  1.1
Fighting       | |  3.3

Action                   || total
-------------------------++-------
Melee: Long sword        ||    73
  Use: Potion            ||     1
Armor: Scale mail        ||    55
Dodge: Dodged            ||    44
Block: Buckler           ||    27
